Merl, neutral female human Valkyrie ----------- |...*....*| |?...MM*..| |....V@..*| |...%M..*.| |.........| ----------- Merl the Fighter Experience level: 8 Strength: 17 Dexterity: 12 Constitution: 18 Intelligence: 10 Wisdom: 9 Charisma: 12 Health: 0(82) Energy: 22(22) Def: 14 Gold: 189 Moves: 6633 Dungeon seed: kk8OTC4BSponaFOv Game ID: Merl_1525370547 Your Inventory: Coins $ - 189 gold pieces Amulets D - an uncursed amulet versus poison (being worn) Weapons a - a thoroughly rusty +1 long sword (weapon in hand) B - 5 +0 daggers (in quiver) P - 5 cursed -1 daggers Armor e - an uncursed +4 small shield (being worn) n - an uncursed thoroughly rusty +0 dwarvish iron helm (being worn) q - a blessed +2 pair of jumping boots (being worn) r - a blessed +1 elven mithril-coat (being worn) y - an uncursed +0 dwarvish cloak (being worn) N - an uncursed +0 pair of elven boots Comestibles c - 6 uncursed food rations Scrolls i - an uncursed scroll of identify G - 2 uncursed scrolls of blank paper H - a cursed scroll of blank paper T - an uncursed scroll of create monster V - an uncursed scroll of enchant weapon W - a blessed scroll of identify Potions f - an uncursed potion of blindness named 75s g - an uncursed potion of restore ability named 38s s - a blessed potion of object detection named 75s v - an uncursed potion of sleeping named 50s z - 2 uncursed potions of water A - an uncursed potion of booze named 25 Q - an uncursed potion of extra healing R - an uncursed potion of monster detection X - an uncursed potion of blindness Z - an uncursed potion of object detection Rings j - an uncursed ring of polymorph control u - a blessed +1 ring of gain strength named 75s w - an uncursed +2 ring of increase accuracy named 57s C - an uncursed +0 ring of gain constitution named 75s E - a cursed -1 ring of increase damage named 57s Y - an uncursed ring of invisibility Wands x - a blessed wand of cancellation (0:8) Tools k - an uncursed skeleton key p - a +0 pick-axe L - an uncursed towel U - an uncursed magic lamp (lit) Spells and supernatural/magical abilities: Name Level Category Fail Memory W - pray for help -- divine ? -- Y - supernatural jump -- ability ? -- Your skills at the end: Fighting Skills Weapon Skills dagger [Basic] long sword [Expert] Spellcasting Skills Final Attributes: You were piously aligned. You were cold resistant. You were poison resistant. You were stealthy. You could jump. You were fast. You are dead. Vanquished creatures: a giant mimic a xan an elf mummy a leather golem 2 giant spiders a dwarf mummy a rust monster 2 Green-elves a gnome mummy a snake a rope golem a bugbear 3 Mordor orcs a rock piercer a pony a shrieker 10 gnome lords 4 gnomish wizards a kobold mummy 2 ghouls a straw golem a paper golem a giant ant a little dog 2 floating eyes a kitten 16 dwarves a kobold lord a rothe a rabid rat a giant bat 2 monkeys an orc zombie a wererat 2 werejackals 5 iguanas a coyote 3 hobbits 2 manes a large kobold 2 hobgoblins 2 giant rats 2 cave spiders a brown mold a red mold 54 gnomes a gnome zombie a gecko 8 jackals a fox a kobold a goblin 3 sewer rats 11 grid bugs 4 lichens 2 kobold zombies 6 newts 183 creatures vanquished. Voluntary challenges: You had been an atheist until turn 2271. You used a wielded weapon 297 times, starting on turn 30. You read items or engraved 4 times, starting on turn 168. You never genocided any monsters. You never polymorphed an object. You never changed form. You used no wishes. You never split a pudding. You never wrote Elbereth's name. You never violated your personal moral code. Dungeon overview: The Dungeons of Doom: levels 1 to 6 Level 1 some fountains a long staircase Level 2 a scroll shop, a fountain Level 3 a potion shop stairs to The Gnomish Mines Level 4 a jewelry store, a sink Level 5 a fountain Level 6 a fountain The Gnomish Mines: levels 4 to 11 Level 4 stairs to The Dungeons of Doom Level 5 Level 6 (grayswandir in shop 32k) many shops, a temple to Loki, some fountains Level 7 Level 8 Level 9 Level 10 Level 11 <- You were here History has recorded: On T:1 you entered the Dungeons of Doom to retrieve the Amulet of Yendor! On T:339 you reached level 2 of The Dungeons of Doom. On T:576 you advanced to experience level 2. On T:714 you reached level 3 of The Dungeons of Doom. On T:833 you advanced to experience level 3. On T:844 you reached level 1 of The Gnomish Mines. On T:1409 you reached level 4 of The Dungeons of Doom. On T:1707 you reached level 5 of The Dungeons of Doom. On T:1925 you advanced to experience level 4. On T:2374 you reached level 6 of The Dungeons of Doom. On T:3015 you advanced to experience level 5. On T:3054 you reached level 2 of The Gnomish Mines. On T:3294 you advanced to experience level 6. On T:3827 you reached level 3 of The Gnomish Mines. On T:4496 you reached level 4 of The Gnomish Mines. On T:4512 you advanced to experience level 7. On T:5021 you reached level 5 of The Gnomish Mines. On T:5865 you reached level 6 of The Gnomish Mines. On T:5899 you advanced to experience level 8. On T:6233 you reached level 7 of The Gnomish Mines. On T:6626 you reached level 8 of The Gnomish Mines. Score breakdown: Gold: 189 ( 7751 points) Experience: 8 levels (14739 points) Exploration: 11 levels ( 22.92%) (13837 points) Discoveries: 10 items ( 4.07%) ( 6048 points) Valuables value: (no points given unless you survive) Artifact value: 0 ( 0 points) Variety of kills: 57 monsters ( 14.96%) (11603 points) Turncount: 6633 turns (-1772 points) Survival: died (score multiplied by 80%) Total score: 41764 Latest messages: The giant mummy hits! The elf mummy just misses! You hit the vampire lord! The vampire lord hits! The vampire lord bites! The ettin mummy misses. The ettin mummy hits! The giant mummy misses. The giant mummy hits! The elf mummy just misses! The vampire lord hits! The vampire lord bites! The ettin mummy hits! The ettin mummy just misses! The giant mummy hits! The giant mummy misses. The elf mummy misses. You hit the vampire lord! The vampire lord hits! The vampire lord bites! The ettin mummy hits! You die... Final status: Farvel Merl the Valkyrie, killed by an ettin mummy... You died in The Gnomish Mines on dungeon level 11 with 41764 points, and 189 pieces of gold, after 6633 moves. You were level 8 with a maximum of 82 hit points when you died.